 Dungeon Crawl Stone Soup version 0.26.1-2-gb8aa6d0cf2 (webtiles) character file.

Game seed: 12536983249563016885

2249 Descartes the Destroyer (level 9, 0/45 HPs)
             Began as a Deep Elf Hedge Wizard on Feb 23, 2021.
             Was an Initiate of Gozag.
             Succumbed to a killer bee's poison
             ... on level 6 of the Dungeon.
             The game lasted 00:23:55 (9373 turns).

Descartes the Destroyer (Deep Elf Hedge Wizard)     Turns: 9373, Time: 00:23:56

Health: 0/45       AC:  4    Str:  7    XL:     9   Next: 15%
Magic:  6/18       EV: 14    Int: 23    God:    Gozag
Gold:   240        SH:  9    Dex: 12    Spells: 9/18 levels left

rFire    . . .     SeeInvis .   a - +3 dagger (venom)
rCold    . . .     Faith    .   I - +0 buckler
rNeg     . . .     Spirit   .   n - +0 robe
rPois    .         Reflect  +   c - +0 hat
rElec    .         Harm     .   F - +0 cloak
rCorr    .         Rampage  .   (no gloves)
Will     .....     Clarity  +   A - +0 pair of boots
Stlth    +++.......             z - amulet of reflection
HPRegen  0.15/turn              (no ring)
MPRegen  0.16/turn              (no ring)

@: mighty, brilliant, lethally poisoned (0 -> -18), gold aura
A: clarity, clumsy 1, wild magic 1
a: Renounce Religion, Potion Petition, Call Merchant, Bribe Branch


You were on level 6 of the Dungeon.
You worshipped Gozag.
Gozag was aware of your devotion.
You visited 1 branch of the dungeon, and saw 9 of its levels.
You also visited: Ossuary.

You collected 1221 gold pieces.
You spent 330 gold pieces at shops.
You paid 651 gold pieces to Gozag.

Inventory:

Hand Weapons
 a - a +3 dagger of venom (weapon)
 b - a +2 shortbow of flaming
 E - a +2 quarterstaff of chaos
Missiles
 g - 217 stones
 h - 75 bolts
 l - 65 poisoned darts
 r - 2 boomerangs of dispersal
 v - 108 arrows
 C - 11 sling bullets
Armour
 c - a +0 hat (worn)
 n - a +0 robe (worn)
 A - a +0 pair of boots (worn)
 F - a +0 cloak (worn)
 G - +0 ice dragon scales
 I - a +0 buckler (worn)
Jewellery
 z - an amulet of reflection (around neck)
Wands
 t - a wand of flame (22)
Scrolls
 d - 2 scrolls of remove curse
 f - 4 scrolls of blinking
 k - a scroll of holy word {unknown}
 p - 3 scrolls of enchant weapon
 s - 3 scrolls of fog
 u - 2 scrolls of noise {unknown}
 w - 3 scrolls of amnesia {unknown}
 y - 3 scrolls of teleportation
 H - 3 scrolls of enchant armour {unknown}
 J - a scroll of immolation {unknown}
Potions
 e - 4 potions of lignification
 i - a potion of magic {unknown}
 j - a potion of resistance {unknown}
 o - 3 potions of brilliance
 q - a potion of attraction
 x - 2 potions of might {unknown}
 B - 3 potions of flight
 D - 2 potions of haste
 K - 2 potions of invisibility


   Skills:
 - Level 5.0 Dodging
 - Level 5.0 Stealth
 + Level 3.7 Shields
 - Level 5.0 Spellcasting
 - Level 10.0 Conjurations
 - Level 1.1 Summonings
 + Level 4.2 Translocations


You had 9 spell levels left.
You knew the following spells:

 Your Spells              Type           Power        Failure   Level
a - Magic Dart            Conj           100%         1%          1
b - Blink                 Tloc           N/A          4%          2
c - Mephitic Cloud        Conj/Pois/Air  41%          12%         3
d - Conjure Flame         Conj/Fire      54%          6%          3

Your spell library contained the following spells:

 Spells                   Type           Power        Failure   Level
 Call Imp                 Summ           21%          13%         2
 Beastly Appendage        Tmut           22%          14%         1
 Slow                     Hex            11%          21%         2
 Wereblood                Tmut           11%          21%         2
 Spider Form              Tmut/Pois      5%           36%         3
 Irradiate                Conj/Tmut      27%          41%         5
 Ice Form                 Ice/Tmut       11%          75%         4
 Blade Hands              Tmut           5%           97%         5
 Hydra Form               Tmut           5%           100%        6
 Statue Form              Tmut/Erth      7%           100%        6
 Dragon Form              Tmut           5%           100%        7


Dungeon Overview and Level Annotations

Branches:
Dungeon (9/15)             Temple (0/1) D:6         Ossuary (visited)
   Lair: D:8-11         Orc: D:9-12

Altars:
Elyvilon
Gozag
Nemelex Xobeh
Qazlal
Trog
Vehumet

Shops:
D:4 =   D:9 (


Innate Abilities, Weirdness & Mutations

You possess an exceptional clarity of mind.
You are clumsy. (Dex -2)
Your spells are a little harder to cast, but a little more powerful.


Message History

You are lethally poisoned!
The killer bee poisons you! The killer bee stings you.
* * * LOW HITPOINT WARNING * * *
You are more poisoned.
The killer bee poisons you!
Okay, then.
Unknown command. [a] - 378 gold - resistance and might [b] - 480 gold - haste, brilliance, heal wounds and berserk rage [c] - 160 gold - might and brilliance Purchase which effect?
You don't have enough gold for that! [a] - 378 gold - resistance and might [b] - 480 gold - haste, brilliance, heal wounds and berserk rage [c] - 160 gold - might and brilliance Purchase which effect?
You no longer have enough gold to petition Gozag for potion effects.
You feel very mighty all of a sudden.
You feel clever all of a sudden.
You die...
Your body crumbles into a pile of gold.

*,* #.# #....#...#.....
*,* #.###....#.#.######
*,* #...'......#.......
*,* #####....###.######
*,* ###### #.# *,* #.#
*,* #.#
*.################.#
*****......y@$..$......#
*,,,,..#################
*,****,* *,* *,***** *,*
*,,,,,* *,* *****,*
*,********,*
*,,,,,,,,,,*
**********,*


You could see a killer bee.

Vanquished Creatures
  A wyvern (D:8)
  A black bear (D:7)
  A phantom (D:5)
  2 ogres (D:6)
  4 centaurs
  A big kobold (D:5)
  2 bullfrogs
  3 scorpions
  A killer bee (D:6)
  5 howler monkeys
  A hound (D:5)
  A jelly (D:7)
  3 orc priests
  Crazy Yiuf (D:4)
  2 orc wizards
  7 worker ants
  A howler monkey zombie (D:5)
  12 mummies (Ossuary)
  A worker ant zombie (D:8)
  12 adders
  2 white imps
  3 ufetubi
  2 oozes
  A worm (D:2)
  2 dart slugs
  2 leopard geckos
  14 orcs
  8 bats
  6 giant cockroaches
  10 goblins
  7 hobgoblins
  6 jackals
  A quokka (D:5)
  A ball python (D:6)
  9 frilled lizards
  2 gnoll skeletons (Ossuary)
  A jackal zombie (D:5)
  14 kobolds
  2 kobold skeletons (Ossuary)
  4 orc skeletons (Ossuary)
  A quokka skeleton (D:6)
  6 rats
  11 rat skeletons (Ossuary)
177 creatures vanquished.

Vanquished Creatures (others)
  A kobold (D:5)
1 creature vanquished.

Grand Total: 178 creatures vanquished

Notes
Turn   | Place    | Note
-------+----------+-------------------------------------------
     0 | D:1      | Descartes the Deep Elf Hedge Wizard began the quest for the
                  | Orb.
     0 | D:1      | Reached XP level 1. HP: 10/10 MP: 7/7
   270 | D:1      | Reached skill level 5 in Spellcasting
   320 | D:1      | Reached XP level 2. HP: 13/15 MP: 2/10
   539 | D:1      | Reached skill level 2 in Conjurations
   782 | D:1      | Reached XP level 3. HP: 19/19 MP: 4/11
  1168 | D:1      | Reached skill level 3 in Conjurations
  1703 | D:2      | Found an opulent altar of Gozag.
  1768 | D:2      | Reached XP level 4. HP: 24/24 MP: 7/13
  1774 | D:2      | Became a worshipper of Gozag Ym Sagoz the Greedy
  1898 | D:2      | Reached skill level 4 in Conjurations
  2051 | D:2      | Found a white marble altar of Elyvilon.
  2201 | D:2      | Found a sparkling altar of Nemelex Xobeh.
  2865 | D:3      | Reached skill level 5 in Conjurations
  2865 | D:3      | Reached XP level 5. HP: 28/28 MP: 7/14
  3225 | D:4      | Found a stormy altar of Qazlal.
  3276 | D:3      | Reached skill level 6 in Conjurations
  3633 | D:4      | Found a bloodstained altar of Trog.
  3643 | D:4      | Reached XP level 6. HP: 28/32 MP: 7/15
  3954 | D:4      | Found Eggo Woy's Jewellery Shoppe.
  3966 | D:4      | Bought an uncursed amulet of reflection for 330 gold pieces
  4231 | D:4      | Reached skill level 7 in Conjurations
  4383 | D:4      | Found a runed translucent door.
  4384 | D:4      | Noticed Crazy Yiuf
  4398 | D:4      | Killed Crazy Yiuf
  4596 | D:5      | Entered Level 5 of the Dungeon
  4611 | D:5      | Reached XP level 7. HP: 22/36 MP: 7/16
  4843 | D:5      | Reached skill level 8 in Conjurations
  5308 | D:5      | Reached skill level 9 in Conjurations
  6039 | D:6      | Found a radiant altar of Vehumet.
  6054 | D:6      | Found a staircase to the Ecumenical Temple.
  6193 | D:6      | Found a sand-covered staircase.
  6200 | Ossuary  | Entered an ossuary
  6293 | Ossuary  | Reached XP level 8. HP: 41/41 MP: 11/17
  7388 | Ossuary  | Gained mutation: Your spells are a little harder to cast,
                  | but a little more powerful. [potion of mutation]
  7388 | Ossuary  | Gained mutation: You are somewhat resistant to further
                  | mutation. [potion of mutation]
  7389 | Ossuary  | Lost mutation: You are somewhat resistant to further
                  | mutation. [potion of mutation]
  7389 | Ossuary  | Gained mutation: You are clumsy. (Dex -2) [potion of
                  | mutation]
  7389 | Ossuary  | Lost mutation: You are clumsy. (Dex -2) [potion of
                  | mutation]
  7389 | Ossuary  | Gained mutation: You are clumsy. (Dex -2) [potion of
                  | mutation]
  7389 | Ossuary  | Gained mutation: You possess an exceptional clarity of
                  | mind. [potion of mutation]
  7439 | D:6      | Reached skill level 10 in Conjurations
  7938 | D:6      | Reached skill level 1 in Shields
  8478 | D:6      | Learned a level 2 spell: Blink
  8482 | D:6      | Learned a level 3 spell: Mephitic Cloud
  8486 | D:6      | Learned a level 3 spell: Conjure Flame
  8559 | D:6      | Reached skill level 5 in Dodging
  8864 | D:6      | You fall into a shaft and drop 3 floors!
  8864 | D:9      | Found Feask's Weapon Emporium.
  8895 | D:8      | Reached skill level 5 in Stealth
  9204 | D:7      | Reached XP level 9. HP: 40/45 MP: 13/18
  9372 | D:6      | HP: 2/45 [killer bee (5)]
  9373 | D:6      | Succumbed to a killer bee's poison

Illustrated notes

Levels and vault maps discovered:
D:1:      giann_bridges, layout_basic
D:2:      layout_rooms, grunt_gozag_breadcrumbs, nemelex_altar_shiori,
          elyvilon_altar_5, minmay_small_reverse_x
D:3:      layout_rooms
D:4:      layout_rooms, old_standard_altar, serial_shops, shop,
          skrybe_limestone_x, trog_three_pillars_becter, uniq_crazy_yiuf_cottage
D:5:      layout_gridville
D:6:      layout_basic, lemuel_coloured_pillars_altar, lemuel_crystal_altar,
          minmay_temple_entry_statues, nicolae_ossuary_entry_monument
D:7:      layout_basic, nicolae_dithmenos_through_a_glass_darkly,
          lemuel_zombie_altar_kikubaaqudgha, minmay_manual_moon
D:8:      layout_cave_pods, basic_altar
D:9:      layout_cave_pools, old_standard_altar, lemuel_crystal_altar,
          lemuel_round_altar, grunt_lair_entry_orc_guard_hut, orc_0_dummy,
          serial_shops, nicolae_shop_overgrown_old_shop,
          nicolae_shop_overgrown_old_shop, shop_statue, shop

Skill      XL: |  1  2  3  4  5  6  7  8  9 |
---------------+----------------------------+-----
Spellcasting   | 5 |  5.0
Conjurations   | 2 3 5 6 7 9 10 | 10.0
Dodging        | 3 5 |  5.0
Stealth        | 5 |  5.0
Shields        | 3 |  3.7
Translocations | 3 4 |  4.2
Summonings     | |  1.1

Action                   |  1- 3 |  4- 6 |  7- 9 || total
-------------------------+-------+-------+-------++-------
Melee: Dagger            |       |    11 |    27 ||    38
       Quarterstaff      |       |     4 |       ||     4
 Cast: Magic Dart        |   122 |   148 |   336 ||   606
Invok: Potion Petition   |       |       |     2 ||     2
  Use: Scroll            |       |       |    15 ||    15
       Potion            |       |       |     6 ||     6
 Stab: Sleeping          |       |     2 |       ||     2
Armor: Robe              |     1 |     5 |    10 ||    16
Dodge: Dodged            |     7 |    22 |    68 ||    97
Block: Other             |       |     3 |     6 ||     9
       Buckler           |       |       |    46 ||    46
       Reflection        |       |       |     7 ||     7
